 Dungeon Crawl Stone Soup version 0.26-a0-30-g56b8cd3df0 (webtiles) character file.

Game seed: 12253076394846236449, levelgen mode: deterministic

116 Lugonue the Insei (level 4, -3/33 HPs)
             Began as a Demonspawn Gladiator on June 3, 2020.
             Killed from afar by Ijyb (4 damage)
             ... with a bolt of acid
             ... on level 3 of the Dungeon.
             The game lasted 00:02:50 (1783 turns).

Lugonue the Insei (Demonspawn Gladiator)            Turns: 1783, Time: 00:02:50

Health: -3/33      AC:  5    Str: 14    XL:     4   Next: 70%
Magic:  0/4        EV: 12    Int: 11    God:
Gold:   78         SH:  0    Dex: 14    Spells: 3/3 levels left

rFire    . . .     SeeInvis +     - Unarmed
rCold    . . .     Gourm    .   (no shield)
rNeg     . . .     Faith    .   a - +0 leather armour
rPois    .         Spirit   +   c - +1 helmet
rElec    .         Reflect  .   (no cloak)
rCorr    .         Harm     .   (no gloves)
MR       .....                  (no boots)
Stlth    +.........             (no amulet)
HPRegen  0.11/turn              n - ring of see invisible
MPRegen  0.09/turn              (no ring)

@: no status effects
A: spiny 1, magic shield
a: no special abilities


You were on level 3 of the Dungeon.
You were hungry.

You visited 1 branch of the dungeon, and saw 4 of its levels.

You collected 78 gold pieces.

Inventory:

Missiles
 e - 6 boomerangs (quivered)
Armour
 a - a +0 leather armour (worn)
 b - a +0 helmet
 c - a +1 helmet (worn)
Jewellery
 n - a ring of see invisible (left hand)
Scrolls
 h - a scroll of random uselessness
 i - a scroll of teleportation {unknown}
 k - a scroll of fear {unknown}
 o - a scroll of identify {unknown}
Potions
 g - a potion of heal wounds
 j - a potion of curing {unknown}
 l - 2 potions of degeneration {unknown}
 m - a potion of cancellation {unknown}
 p - a potion of invisibility {unknown}
Comestibles
 d - 3 rations


   Skills:
 - Level 2.1 Fighting
 - Level 1.7 Throwing
 - Level 2.7 Dodging
 + Level 4.9 Unarmed Combat


You had 3 spell levels left.
You didn't know any spells.
Your spell library was empty.

Dungeon Overview and Level Annotations

Branches:
Dungeon (4/15)
 Temple: D:4-7

Altars:
Xom

Annotations:
D:2 Sigmund
D:3 Ijyb


Innate Abilities, Weirdness & Mutations

You are partially covered in sharp spines.
When hurt, damage is shared between your health and your magic reserves.


Message History

Throwing (i - inventory)
e - 7 boomerangs (quivered)
Press: ? - help, Shift-Dir - straight line, f/p - crimson imp
Aim: a crimson imp, quivering 10 stones (moderately wounded)
You throw a boomerang. The boomerang misses the crimson imp.
The crimson imp throws a stone.
The stone hits you.
Ijyb hits you from afar with a +1 vampiric spear.
The crimson imp blinks!
Throwing (i - inventory)
e - 7 boomerangs (quivered)
Press: ? - help, Shift-Dir - straight line, f - Ijyb
Aim: Ijyb, wielding a +1 vampiric spear, wearing a +0 leather armour, wearing an uncursed amulet of reflection and carrying a wand of acid (12)
You throw a boomerang. The boomerang closely misses Ijyb.
Ijyb zaps a wand.
The bolt of acid hits you!
You are splashed with acid!
* * * LOW HITPOINT WARNING * * *
Throwing (i - inventory)
e - 6 boomerangs (quivered)
Press: ? - help, Shift-Dir - straight line, f/p - Ijyb
Aim: Ijyb, wielding a +1 vampiric spear, wearing a +0 leather armour, wearing an uncursed amulet of reflection and carrying a wand of acid (11)
You throw a boomerang. The boomerang hits Ijyb.
Ijyb is lightly wounded.
Ijyb zaps a wand.
The bolt of acid hits you.
You die...

5.......# ........#
........## .........
......... . .....g..#
####+### ........# #
..... .....#)@#
###._.### #..#...#
#.5.....# #....#.#
####'########..#.#
.........###.....####
.........##...#.....#
.รท5............#.##.##
......#.......)#.##..##
.....>#...............#


You could see Ijyb and a crimson imp.

Vanquished Creatures
  2 crimson imps (D:3)
  A worm (D:2)
  A dart slug (D:2)
  2 leopard geckos (D:1)
  An orc (D:3)
  A giant cockroach (D:2)
  4 goblins
  9 hobgoblins
  2 jackals (D:2)
  6 kobolds
  2 ball pythons
  3 bats
  3 frilled lizards (D:2)
  3 rats
40 creatures vanquished.

Notes
Turn   | Place    | Note
-------+----------+-------------------------------------------
     0 | D:1      | Lugonue the Demonspawn Gladiator began the quest for the
                  | Orb.
     0 | D:1      | Reached XP level 1. HP: 16/16 MP: 1/1
   101 | D:1      | Reached skill level 3 in Unarmed Combat
   179 | D:1      | Gained mutation: You are partially covered in sharp spines.
                  | [demonic ancestry]
   179 | D:1      | Reached XP level 2. HP: 22/22 MP: 2/2
  1088 | D:2      | Gained mutation: When hurt, damage is shared between your
                  | health and your magic reserves. [demonic ancestry]
  1088 | D:2      | Reached XP level 3. HP: 22/27 MP: 3/3
  1429 | D:2      | Noticed Sigmund
  1430 | D:2      | Reached skill level 4 in Unarmed Combat
  1488 | D:3      | Found a shimmering altar of Xom.
  1532 | D:3      | HP: 1/27 [crimson imp/+0 quarterstaff (2)]
  1537 | D:3      | Reached XP level 4. HP: 23/33 MP: 1/4
  1776 | D:3      | Noticed Ijyb
  1782 | D:3      | HP: 1/33 [acid (14)]
  1783 | D:3      | Killed from afar by Ijyb

Illustrated notes

Levels and vault maps discovered:
D:1:      sevenhm_arrival_forest_fort_small_4, layout_basic
D:2:      layout_loops_ring, first_ration, grunt_ministairs_7,
          minmay_misc_feat_encased, uniq_sigmund
D:3:      layout_rooms, led_xom_imps, old_standard_altar, minitemple,
          fountainhead, uniq_ijyb
D:4:      minmay_evil_eye, layout_loops_ring,
          nicolae_ru_great_annihilating_truth, serial_shops, kennysheep_mini

Skill      XL: |  1  2  3 |
---------------+----------+-----
Unarmed Combat | 3 4 |  4.9
Fighting       | |  2.1
Throwing       | |  1.7
Dodging        | |  2.7

Action                   |  1- 3 |  4- 6 || total
-------------------------+-------+-------++-------
Melee: Unarmed           |    84 |    16 ||   100
Throw: Boomerang         |    21 |    36 ||    57
       Throwing net      |     3 |       ||     3
  Use: Scroll            |     1 |       ||     1
       Potion            |     1 |       ||     1
 Stab: Sleeping          |     1 |       ||     1
       Held in net/web   |     2 |       ||     2
  Eat: Chunk             |     2 |       ||     2
Armor: Leather armour    |    16 |     7 ||    23
Dodge: Dodged            |    42 |    15 ||    57

Table legend:
 A = Non-vault XP
 B = Vault XP
 C = Vault XP percentage of total XP
 D = Non-vault monster count
 E = Vault monster count
 F = Vault count percentage of total count
                 A         B        C        D         E       F
            +---------+---------+-------+---------+---------+-------
      Total |      71 |      96 |  57.5 |      38 |       2 |   5.0
            +---------+---------+-------+---------+---------+-------
        D:1 |      38 |       0 |   0.0 |      21 |       0 |   0.0
        D:2 |      24 |       0 |   0.0 |      12 |       0 |   0.0
        D:3 |       9 |      96 |  91.4 |       5 |       2 |  28.6
            +---------+---------+-------+---------+---------+-------
